 Dungeon Crawl Stone Soup version 0.21-a0-426-g98080a9 (webtiles) character file.

236 kae the Insei (level 5, -3/42 HPs)
             Began as a Draconian Transmuter on Nov 7, 2017.
             Slain by an orc
             ... wielding a +0 flail
              (5 damage)
             ... on level 3 of the Dungeon.
             The game lasted 00:03:08 (2570 turns).

kae the Insei (Draconian Transmuter)                Turns: 2570, Time: 00:03:09

Health: -3/42      AC:  3    Str: 12    XL:     5   Next: 77%
Magic:  6/9        EV: 19    Int: 14    God:
Gold:   136        SH:  0    Dex: 17    Spells: 3/9 levels left

rFire    . . .     SeeInvis .     - Unarmed
rCold    . . .     Gourm    .   (shield currently unavailable)
rNeg     . . .     Faith    .   (armour unavailable)
rPois    x         Spirit   .   (helmet currently unavailable)
rElec    .         Reflect  .   (cloak currently unavailable)
rCorr    .         Harm     .   (gloves currently unavailable)
MR       .....                  (boots currently unavailable)
Stlth    ++........             (no amulet)
HPRegen  0.14/turn              d - +1 ring of protection
MPRegen  0.11/turn              (no ring)

@: spider-form (expiring)
A: unfitting armour, AC +5
a: End Transformation


You were on level 3 of the Dungeon.
You were not hungry.
You were a venomous arachnid creature.
You visited 1 branch of the dungeon, and saw 3 of its levels.

You collected 136 gold pieces.

Inventory:

Hand Weapons
 g - a +0 hand axe (melded)
 m - a -3 dagger
Missiles
 a - 21 arrows
Armour
 j - a +0 cloak (melded)
 l - a +0 buckler (melded)
Jewellery
 d - a +1 ring of protection (left front leg)
Scrolls
 e - a scroll of blinking
 o - a scroll of amnesia
 p - a scroll of immolation {unknown}
 r - a scroll of teleportation {unknown}
 s - a scroll of remove curse
Potions
 k - 2 potions of lignification {unknown}
 n - a potion of haste {unknown}
 t - a potion of degeneration {unknown}
Books
 b - a book of Changes

   Spells                             Type                      Level
   a - Beastly Appendage              Transmutation                1
   b - Sticks to Snakes               Transmutation                2
   c - Spider Form                    Transmutation/Poison         3
   d - Ice Form                       Ice/Transmutation            4
   e - Blade Hands                    Transmutation                5
Comestibles
 c - 2 bread rations
 f - a meat ration
 i - 3 royal jellies
 q - 3 fruits


   Skills:
 + Level 2.6 Fighting
 - Level 1.7 Dodging
 * Level 4.4 Unarmed Combat
 + Level 2.8 Spellcasting
 * Level 3.9 Transmutations


You had 3 spell levels left.
You knew the following spells:

 Your Spells              Type           Power        Failure   Level  Hunger
a - Beastly Appendage     Tmut           ##....       13%         1    #......
b - Sticks to Snakes      Tmut           ##......     19%         2    ##.....
c - Spider Form           Tmut/Pois      #.........   50%         3    ###....


Dungeon Overview and Level Annotations

Branches:
Dungeon (3/15)

Altars:


Innate Abilities, Weirdness & Mutations

((Your plain brown scales are hard. (AC +5)))
You cannot fit into any form of body armour.
((You are cold-blooded and may be slowed by cold attacks.))


Message History

Beogh smites you!
* * * LOW HITPOINT WARNING * * *
You hit the orc priest but do no damage.
The orc priest looks as sick as possible!
The orc priest is severely wounded.
The orc completely misses you. x2; The orc misses you.
You hit the orc priest.
You kill the orc priest!
The orc misses you. The orc closely misses you.
The orc hits you with a war axe.
* * * LOW HITPOINT WARNING * * *
The orc closely misses you. The orc closely misses you.
You hit the orc but do no damage.
The orc is poisoned.
The orc hits you with a flail.
* * * LOW HITPOINT WARNING * * *
You hit the orc but do no damage.
The orc is poisoned.
Your transformation is almost over.
The orc misses you. The orc hits you with a flail.
You die...

###.....####.........#
....[......'.........+
####....####.........#
#.#.## ##.†.....#
#.### ##.....## #.#
##...#.... #.#
######'## ### #.#
#....(.# # #.#
#.###.s##.###.# #.#
#ooo.......
#.)o!..#.#. .........#
####......# ##.#.....
###.#.... .###.## .#
.#


You could see 4 orcs.

Vanquished Creatures
  The ghost of mastercheaf21 the Sneak, an amateur OpAs (D:3)
  An orc priest (D:3)
  3 adders (D:3)
  8 oozes (D:2)
  3 worms
  2 dart slugs
  A leopard gecko (D:2)
  3 ball pythons
  3 giant cockroaches (D:1)
  7 goblins
  4 hobgoblins
  4 jackals (D:1)
  4 bats
  2 frilled lizards
  12 kobolds
  4 rats
62 creatures vanquished.

Vanquished Creatures (others)
  12 toadstools (D:2)
12 creatures vanquished.

Grand Total: 74 creatures vanquished

Notes
Turn   | Place    | Note
-------+----------+-------------------------------------------
     0 | D:1      | kae the Draconian Transmuter began the quest for the Orb.
     0 | D:1      | Reached XP level 1. HP: 16/16 MP: 3/3
   147 | D:1      | Reached XP level 2. HP: 21/23 MP: 5/5
   677 | D:2      | Reached XP level 3. HP: 25/28 MP: 6/6
   989 | D:2      | Reached XP level 4. HP: 22/36 MP: 5/7
  2350 | D:3      | Reached skill level 4 in Unarmed Combat
  2405 | D:3      | Noticed mastercheaf21's ghost (amateur OpAs)
  2423 | D:3      | Learned a level 2 spell: Sticks to Snakes
  2427 | D:3      | Learned a level 3 spell: Spider Form
  2492 | D:3      | Killed mastercheaf21's ghost
  2492 | D:3      | Reached XP level 5. HP: 40/42 MP: 6/9
  2569 | D:3      | HP: 2/42 [orc/flail (6)]
  2570 | D:3      | Slain by an orc

Vault maps used:
D:1:      dpeg_arrival_renting, minmay_misc_feat_columns
D:2:      cheibrodos_fertilizer, first_bread
D:3:      gammafunk_temple_overflow_statue

Skill      XL: |  1  2  3  4 |
---------------+-------------+-----
Transmutations | 3 |  3.9
Fighting       | 2 |  2.6
Unarmed Combat | 4 |  4.4
Dodging        | |  1.7
Spellcasting   | |  2.8

Action                   |  1- 3 |  4- 6 || total
-------------------------+-------+-------++-------
Melee: Unarmed           |    70 |    23 ||    93
       Tailslap          |    30 |    22 ||    52
       Hand axe          |    40 |    44 ||    84
       Punch             |     1 |       ||     1
       Dagger            |    65 |   126 ||   191
       Headbutt          |     2 |       ||     2
       Kick              |       |     1 ||     1
 Cast: Beastly Appendage |     3 |     2 ||     5
       Spider Form       |       |     2 ||     2
  Use: Scroll            |     2 |     2 ||     4
       Potion            |       |     1 ||     1
  Eat: Chunk             |       |     6 ||     6
Armor: Skin              |    56 |    65 ||   121
Dodge: Dodged            |   124 |   117 ||   241
Block: Buckler           |     9 |    15 ||    24

Table legend:
 A = Spawn XP
 B = Non-spawn XP
 C = Spawn XP percentage of total XP
 D = Spawn monster count
 E = Non-spawn monster count
 F = Spawn count percentage of total count
 G = Total turns spent on level
                    A         B        C        D         E        F      G
               +---------+---------+-------+---------+---------+-------+---------
         Total |       0 |     338 |   0.0 |       0 |      62 |   0.0 |  2570
               +---------+---------+-------+---------+---------+-------+---------
           D:1 |       0 |      38 |   0.0 |       0 |      20 |   0.0 |   718
           D:2 |       0 |      99 |   0.0 |       0 |      30 |   0.0 |  1535
           D:3 |       0 |     201 |   0.0 |       0 |      12 |   0.0 |   317
               +---------+---------+-------+---------+---------+-------+---------
